woodfighter, chaotic female elven Rogue ---------- ---.- ##.........| #....| -------- # |........| ----- #|...| --......-- --------- ####.....{...| ----...---- #|.*.| ##-*.----..| #........| # ---------- |.........| #|...| # |..| |..-#######|..(.....#### |.........+#####|....######### |..---->.| #|.......| |.........| #|...| --......-- #|.......| |.........| #----- ------.- #--------- -.---.----- ### # ############# ############### # # # # ## # # # # ### -|----------# # # |..........Y# ## # |.........@| -----.---------# |..........%####` |..............# ------------ |.............| |.......<.....| --------------- woodfighter the Rogue Experience level: 6 Strength: 25 Dexterity: 19 Constitution: 14 Intelligence: 10 Wisdom: 10 Charisma: 9 Health: 0(42) Energy: 24(24) Def: 6 Gold: 466 Moves: 3283 Dungeon seed: 7qF3pROFiCTO561k Game ID: woodfighter_1511047047 Your Inventory: Coins $ - 466 gold pieces Weapons a - a +0 elven short sword (weapon in hand) q - a +0 dagger P - 9 +0 elven daggers (in quiver) Armor e - an uncursed +1 leather armor (being worn) n - an uncursed +0 orcish helm (being worn) r - an uncursed +0 pair of gauntlets of power (being worn) z - a cursed -1 pair of low boots I - an uncursed +0 T-shirt N - an uncursed +0 cloak of displacement (being worn) Y - an uncursed +0 dwarvish cloak Comestibles D - 2 uncursed food rations Scrolls C - an uncursed scroll of identify H - an uncursed scroll of light Potions G - a cursed potion of booze Wands h - a wand of opening (0:3) Tools f - an uncursed blindfold g - an uncursed blindfold s - an uncursed sack y - an uncursed skeleton key Contents of the sack: 664 gold pieces a cursed [-1] silver dagger an uncursed scroll of enchant weapon a [uncursed] scroll of identify a [blessed] scroll of identify an uncursed scroll of punishment 4 uncursed scrolls of scare monster a [uncursed] potion of gain ability an uncursed potion of healing a blessed potion of object detection an uncursed potion of object detection a blessed potion of see invisible 2 uncursed potions of sickness an uncursed potion of water a [cursed] ring of see invisible a [uncursed] [+0] pick-axe Spells and supernatural/magical abilities: Name Level Category Fail Memory W - pray for help -- divine ? -- Your skills at the end: Miscellaneous Skills wands [Basic] Weapon Skills dagger [Basic] short sword [Basic] Spellcasting Skills Final Attributes: You were devoutly aligned. You were sleep resistant. You were telepathic. You had infravision. You were displaced. You were stealthy. You are dead. Vanquished creatures: 2 small mimics a giant beetle 2 dogs a jaguar 3 apes a wood nymph 2 giant ants 2 floating eyes 2 kittens a dwarf a jitterbug a giant bat a gas spore a hobbit 2 large kobolds 4 geckos 2 hobgoblins 2 gnomes a garter snake a gnome zombie 3 jackals 5 newts 5 goblins 3 sewer rats 3 grid bugs 4 lichens 56 creatures vanquished. Voluntary challenges: You did not adorn yourself with jewelry or accessories. You did not cause conflict. You were not invisible. You did not have reflection. You used a wielded weapon 63 times, starting on turn 111. You did not apply a unicorn horn. You did not use plumbed fixtures. You did not drink any magical draughts. You were illiterate. You never genocided any monsters. You never polymorphed an object. You never changed form. You used no wishes. You never split a pudding. You never wrote Elbereth's name. You violated your moral code, losing 5 points of alignment, starting on turn 1683. Dungeon overview: The Dungeons of Doom: levels 1 to 8 Level 1 (vault) a long staircase Level 2 (vault) an altar to Issek Level 3 a fountain Level 4 an armor shop stairs to The Gnomish Mines Level 5 a delicatessen, a fountain Level 6 (vault + demonbane in shop) a general store, a sink Level 7 <- You were here a fountain Level 8 The Gnomish Mines: Level 5 stairs to The Dungeons of Doom History has recorded: On T:1 you entered the Dungeons of Doom to retrieve the Amulet of Yendor! On T:367 you reached level 2 of The Dungeons of Doom. On T:623 you advanced to experience level 2. On T:663 you reached level 3 of The Dungeons of Doom. On T:911 you advanced to experience level 3. On T:1104 you reached level 4 of The Dungeons of Doom. On T:1392 you reached level 1 of The Gnomish Mines. On T:1510 you reached level 5 of The Dungeons of Doom. On T:1585 you advanced to experience level 4. On T:1683 you advanced to experience level 5. On T:2384 you reached level 6 of The Dungeons of Doom. On T:2385 you advanced to experience level 6. On T:2626 you reached level 7 of The Dungeons of Doom. On T:2944 you reached level 8 of The Dungeons of Doom. Score breakdown: Gold: 1130 ( 113 points) Experience: 6 levels ( 500 points) Exploration: 8 levels ( 210 points) Discoveries: 20 items ( 1000 points) Variety of kills: 26 monsters ( 1300 points) Major goal: (nothing yet) ( 0 points) Survival: died (score multiplied by 3) Total score: 9369 Latest messages: You try to move the boulder, but in vain. (2x) The ape misses. The ape claws you! The ape bites! You stab the ape! The ape claws you! (2x) The ape bites! You stab the ape! The ape claws you! (2x) The ape bites! You kill the ape! There is a doorway here. You see here an ape corpse. The ape claws you! (2x) The ape bites! You stab the ape! The ape claws you! (2x) The ape bites! You kill the ape! (2x) You see here 2 ape corpses. The ape misses. The ape just misses! The ape bites! You stab the ape! The ape claws you! (2x) The ape bites! You die... Final status: Goodbye woodfighter the Rogue, killed by an ape... You died in The Dungeons of Doom on dungeon level 7 with 9369 points, and 1130 pieces of gold, after 3283 moves. You were level 6 with a maximum of 42 hit points when you died.